 Dungeon Crawl Stone Soup version 0.23-a0-121-g4413648 (webtiles) character file.

7 Amnesiac the Gusty (level 1, -1/13 HPs)
             Began as a Mummy Air Elementalist on Aug 25, 2018.
             Slain by an adder (3 damage)
             ... on level 4 of the Dungeon.
             The game lasted 00:01:01 (239 turns).

Amnesiac the Gusty (Mummy Air Elementalist)          Turns: 239, Time: 00:01:02

Health: -1/13      AC:  2    Str: 11    XL:     1   Next: 83%
Magic:  0/4        EV: 12    Int: 14    God:
Gold:   14         SH:  0    Dex: 12    Spells: 4/5 levels left

rFire    x . .     SeeInvis .   (no weapon)
rCold    + . .     Gourm    .   (no shield)
rNeg     + + +     Faith    .   a - +0 robe
rPois    ∞         Spirit   .   (no helmet)
rElec    .         Reflect  .   (no cloak)
rCorr    .         Harm     .   (no gloves)
MR       .....                  (no boots)
Stlth    ++........             (no amulet)
HPRegen  0.04/turn              (no ring)
MPRegen  0.09/turn              (no ring)

@: very slightly contaminated
A: no food or potions, fire vulnerability, cold resistance 1, negative energy
resistance 3, torment resistance, unbreathing
a: no special abilities


You were on level 4 of the Dungeon.
You were not hungry.

You visited 1 branch of the dungeon, and saw 4 of its levels.

You collected 14 gold pieces.

Inventory:

Armour
 a - a +0 robe (worn)
Scrolls
 c - a scroll of random uselessness {!r}


   Skills:
 - Level 1.5 Dodging
 - Level 1.5 Stealth
 + Level 2.7 Spellcasting
 - Level 0.7 Conjurations
 * Level 2.8 Air Magic


You had 4 spell levels left.
You knew the following spells:

 Your Spells              Type           Power        Failure   Level  Hunger
a - Shock                 Conj/Air       #...         11%         1    N/A

Your spell library contained the following spells:

 Spells                   Type           Power        Failure   Level  Hunger
 Swiftness                Chrm/Air       #.......     19%         2    N/A
 Static Discharge         Conj/Air       #.......     32%         3    N/A
 Airstrike                Air            #.........   56%         4    N/A
 Lightning Bolt           Conj/Air       #.........   96%         5    N/A

Dungeon Overview and Level Annotations

Branches:
Dungeon (4/15)
 Temple: D:4-7

Altars:
Okawaru

Annotations:
D:4 exclusion: orc wizard


Innate Abilities, Weirdness & Mutations

You do not eat or drink.
Your flesh is vulnerable to fire.
You are immune to poison.
Your flesh is cold resistant. (rC+)
You are immune to negative energy. (rN+++)
You are immune to unholy pain and torment.
You can survive without breathing.


Message History

Aim: a worm (resting)
The zap hits the worm.
The worm is moderately wounded.
Unknown command.
Casting: Shock (safe; 11% risk of failure)
Confirm with . or Enter, or press ? or * to list all spells.
Aiming: Shock (safe; 11% risk of failure)
Press: ? - help, Shift-Dir - straight line, f - adder
Aim: an adder You miscast Shock.
You are very lightly contaminated with residual magic.
Nothing appears to happen.
Casting: Shock (safe; 11% risk of failure)
Confirm with . or Enter, or press ? or * to list all spells.
Aiming: Shock (safe; 11% risk of failure)
Press: ? - help, Shift-Dir - straight line, f/p - adder
Aim: an adder The zap hits the adder.
The adder is lightly wounded.
The zap hits the adder.
The adder is moderately wounded.
The adder barely misses you. x2
Casting: Shock (safe; 11% risk of failure)
Confirm with . or Enter, or press ? or * to list all spells.
Aiming: Shock (safe; 11% risk of failure)
Press: ? - help, Shift-Dir - straight line, f/p - adder
Aim: an adder (moderately wounded)
You miscast Shock.
Wisps of smoke drift from your hands. The adder bites you.
Casting: Shock (safe; 11% risk of failure)
Confirm with . or Enter, or press ? or * to list all spells.
You don't have enough magic to cast that spell.
Casting: Shock (safe; 11% risk of failure)
Confirm with . or Enter, or press ? or * to list all spells.
You don't have enough magic to cast that spell.
Casting: Shock (safe; 11% risk of failure)
Confirm with . or Enter, or press ? or * to list all spells.
You don't have enough magic to cast that spell.
Casting: Shock (safe; 11% risk of failure)
Confirm with . or Enter, or press ? or * to list all spells.
You don't have enough magic to cast that spell.
The adder bites you.
You see here a ration.
Really read
d - a scroll labeled LAOTIN QOWUMM {!r}?
As you read the scroll labeled LAOTIN QOWUMM {!r}, it crumbles to dust.
It is a scroll of identify.
c - a scroll of random uselessness {!r} The adder bites you.
* * * LOW HITPOINT WARNING * * *
Really read
b - a scroll labeled QOKIMA OMPA {!r}?
As you read the scroll labeled QOKIMA OMPA {!r}, it crumbles to dust.
The creatures around you are filled with an inner flame!
It was a scroll of immolation {!r}.
The adder bites you.
* * * LOW HITPOINT WARNING * * *
The adder barely misses you.
Casting: Shock (safe; 11% risk of failure)
Confirm with . or Enter, or press ? or * to list all spells.
Aiming: Shock (safe; 11% risk of failure)
Press: ? - help, Shift-Dir - straight line, p - adder The zap misses the adder.
The zap hits the adder.
The adder is moderately wounded.
The adder bites you but does no damage.
Unknown command.
The adder bites you.
You die...

#########.# #
####.####### #
#..........#
######.##.#####.#
.....#. #.# #.#
####.#. #.# ##.##
# #. ..####...##
. o. ..........#
. ...........@.#
## #....###...S.#
. ..........# #
.#####.#.# #.#%#
#w#.# #.#.# ..#.#
..#........


You could see a worm (inner flame) and an adder (inner flame).

Vanquished Creatures
  An orc (D:4)
  A bat (D:1)
  A giant cockroach (D:1)
  A goblin (D:1)
  A rat (D:1)
5 creatures vanquished.

Notes
Turn   | Place    | Note
-------+----------+-------------------------------------------
     0 | D:1      | Amnesiac the Mummy Air Elementalist began the quest for the Orb.
     0 | D:1      | Reached XP level 1. HP: 13/13 MP: 4/4
   143 | D:3      | Found an iron altar of Okawaru.
   205 | D:4      | Noticed an orc wizard
   239 | D:4      | Slain by an adder

Vault maps used:
D:1:      minmay_arrival_plants_in_alcoves
D:2:      kennysheep_the_goblin_king, old_standard_altar, serial_forest,
          infiniplex_forest_lined_3, infiniplex_forest_lined_4_way,
          infiniplex_forest_lined_1, infiniplex_forest_clump_medium,
          infiniplex_forest_straight_2, infiniplex_forest_clump_medium,
          first_ration, makhleb_blood_cavern_becter
D:3:      ebering_ghost_disaster_area, solitary_fountain,
          okawaru_metal_pillars_3
D:4:      kiku_gazebo_garden_becter, minmay_temple_entry_glassed_door,
          kennysheep_diamond, nzn_random_ring, uniq_grinder, uniq_ijyb

Action                   || total
-------------------------++-------
 Cast: Shock             ||    13
  Use: Scroll            ||     2
Armor: Robe              ||     3
Dodge: Dodged            ||    10

Table legend:
 A = Non-vault XP
 B = Vault XP
 C = Vault XP percentage of total XP
 D = Non-vault monster count
 E = Vault monster count
 F = Vault count percentage of total count
                 A         B        C        D         E       F
            +---------+---------+-------+---------+---------+-------
      Total |      10 |       0 |   0.0 |       5 |       0 |   0.0
            +---------+---------+-------+---------+---------+-------
        D:1 |       7 |       0 |   0.0 |       4 |       0 |   0.0
        D:4 |       3 |       0 |   0.0 |       1 |       0 |   0.0
            +---------+---------+-------+---------+---------+-------
